 Dungeon Crawl Stone Soup version 0.31-a0-876-gfe8ebadbca (webtiles) character file.

Game seed: 2479337214486947755

39 Iich the Trooper (level 3, -1/29 HPs)
             Began as a Demonspawn Fighter on Oct 13, 2023.
             Slain by a gnoll
             ... wielding a +0 spear
              (7 damage)
             ... on level 2 of the Dungeon.
             The game lasted 00:02:05 (742 turns).

Iich the Trooper (Demonspawn Fighter)                Turns: 742, Time: 00:02:06

Health: -1/29      AC:  7    Str: 18    XL:     3   Next: 26%
Magic:  3/3        EV:  9    Int:  9    God:
Gold:   77         SH:  4    Dex: 12    Spells: 2/2 levels left

rFire   . . .        a - +0 war axe
rCold   + . .        c - +0 buckler
rNeg    . . .        b - +0 scale mail
rPois   .            (no helmet)
rElec   .            (no cloak)
rCorr   .            (no gloves)
SInv    .            (no boots)
Will    .....        (no amulet) Stlth
                     (no ring)
HPRegen 0.24/turn    (no ring)
MPRegen 0.08/turn

%: no passive effects
@: brilliant
A: ignite blood 1, spiny 1, cold resistance 1, shaggy fur 1
a: no special abilities


You were on level 2 of the Dungeon.
You visited 1 branch of the dungeon, and saw 2 of its levels.

You collected 77 gold pieces.

Inventory:

Hand Weapons
 a - a +0 war axe (weapon)
Armour
 b - a +0 scale mail (worn)
 c - a +0 buckler (worn)
Scrolls
 e - a scroll of fear {unknown}
 f - a scroll of teleportation {unknown}
 l - 2 scrolls of identify {unknown}
Potions
 d - a potion of might
 i - a potion of resistance {unknown}
 j - a potion of cancellation {unknown}
 m - a potion of attraction {unknown}


   Skills:
 + Level 3.3 Fighting
 * Level 2.5 Axes
 - Level 2.6 Armour
 + Level 1.0 Dodging
 + Level 3.0 Shields


You had 2 spell levels left.
You didn't know any spells.
Your spell library contained the following spells:

 Spells                   Type           Power      Damage    Failure   Level
 Magic Dart               Conj           0%         1d3       86%         1
 Sting                    Tmut/Pois      0%         1d3       86%         1
 Poisonous Vapours        Pois/Air       0%         N/A       94%         2
 Searing Ray              Conj           0%         2d4       94%         2
 Fulminant Prism          Conj/Hex       0%         3d5       100%        4
 Olgreb's Toxic Radiance  Pois           0%         N/A       100%        4


Dungeon Overview and Level Annotations

Branches:
Dungeon (2/15)

Altars:

Shops:
D:1 :?(?


Innate Abilities, Weirdness & Mutations

Your demonic aura sometimes causes spilled blood to erupt in flames.
You are partially covered in sharp spines.
Your flesh is cold resistant. (rC+)
You are covered in fur. (AC +1)


Message History

You hit the gnoll.
The gnoll hits you from afar with a +0 spear.
The gnoll closely misses you. x2
You take 6 damage, and have 23/29 hp. !!!!--MASSIVE DAMAGE--!!!!
You slash the gnoll!
You kill the gnoll!
You hit the gnoll but do no damage. The gnoll is struck by your spines.
The gnoll closely misses you.
The gnoll hits you from afar with a +0 spear.
* * * LOW HITPOINT WARNING * * *
Your Dodging skill increases to level 1!
Your Shields skill increases to level 3!
You take 4 damage, and have 19/29 hp.
You closely miss the gnoll.
The gnoll is heavily wounded.
The gnoll hits you with a +0 whip.
* * * LOW HITPOINT WARNING * * *
The gnoll is struck by your spines. The gnoll hits you with a +0 whip.
* * * LOW HITPOINT WARNING * * *
The gnoll hits you from afar with a +0 spear.
* * * LOW HITPOINT WARNING * * *
You take 9 damage, and have 11/29 hp. !!!!--MASSIVE DAMAGE--!!!!
It was a potion of magic.
Magic courses through your body. The gnoll barely misses you.
The gnoll is struck by your spines. The gnoll hits you with a +0 whip.
* * * LOW HITPOINT WARNING * * *
You take 5 damage, and have 6/29 hp.
It was a potion of mutation.
You feel extremely strange. Fur sprouts all over your body.
You feel resistant to cold.
A gnoll comes into view. It is wielding a +0 halberd.
The gnoll hits you with a +0 whip.
* * * LOW HITPOINT WARNING * * *
The gnoll closely misses you.
You take 1 damage, and have 5/29 hp.
It was a potion of brilliance.
You feel clever all of a sudden. The gnoll is struck by your spines.
You kill the gnoll!
The gnoll hits you from afar with a +0 spear!
You die...

##.#.#.#########
#.#.#.###......
#.#.#.......### .
..#.#.........# ..
###.#.#.......# ...
#.#.#.###.#.# ....
#.#.#.#...#.# .....
#.#.#.###.####.....#
#.#.#......@ggJ#
#[#.#####.###.g# #.#
#.. ....g #. ###.
#.###.# .# .. # ###


You could see 4 gnolls and an endoplasm.

Vanquished Creatures
  2 gnolls (D:2)
  6 ball pythons (D:1)
  An endoplasm (D:2)
  6 goblins (D:1)
  2 hobgoblins
  3 kobolds (D:1)
  A quokka (D:1)
  A bat (D:1)
  A frilled lizard (D:1)
  4 rats (D:1)
27 creatures vanquished.

Notes
Turn   | Place    | Note
-------+----------+-------------------------------------------
     0 | D:1      | Iich the Demonspawn Fighter began the quest for the Orb.
     0 | D:1      | Reached XP level 1. HP: 18/18 MP: 1/1
    74 | D:1      | Gained mutation: Your demonic aura sometimes causes spilled
                  | blood to erupt in flames. [demonic ancestry]
    74 | D:1      | Reached XP level 2. HP: 17/24 MP: 2/2
   150 | D:1      | Found Etukiz's Antique Weapon Shoppe.
   191 | D:1      | Found Leihaguh's Magic Scroll Shop.
   259 | D:1      | Found Goyq's Book Boutique.
   600 | D:1      | Found Ororchye's Magic Scroll Shop.
   683 | D:2      | Gained mutation: You are partially covered in sharp spines.
                  | [demonic ancestry]
   683 | D:2      | Reached XP level 3. HP: 28/29 MP: 3/3
   738 | D:2      | Reached skill level 1 in Dodging
   741 | D:2      | Gained mutation: You are covered in fur. (AC +1) [potion of
                  | mutation]
   741 | D:2      | Gained mutation: Your flesh is cold resistant. (rC+)
                  | [potion of mutation]
   742 | D:2      | Slain by a gnoll

Illustrated notes

Levels and vault maps discovered:
D:1:      ncdulo_wetmaze, layout_rooms, serial_shops, nicolae_shop_peninsula,
          nicolae_shop_just_a_little_nook, nicolae_shop_rolled_up, shop
D:2:      layout_basic, basic_altar, columned_hall_lemuel

Skill      XL: |  1  2  3 |
---------------+----------+-----
Axes           | 2 |  2.5
Dodging        | 1 |  1.0
Shields        | 3 |  3.0
Fighting       | |  3.3
Armour         | |  2.6

Action                     || total
---------------------------++-------
  Melee: War axe           ||    62
    Use: Potion            ||     3
 Armour: Scale mail        ||    46
  Dodge: Dodged            ||    29
  Block: Buckler           ||    15

Table legend: (Time is in decaauts)
 A = Elapsed time spent in this place.
 B = Non-inter-level travel time spent in this place.
 C = Inter-level travel time spent in this place.
 D = Time resting spent in this place.
 E = Time spent auto-exploring this place.
 F = Levels seen in this place.
 G = Mean time per level.
                   A        B        C        D        E       F      G
               +--------+--------+--------+--------+--------+-----+--------+
         Total |    776 |    746 |     30 |      0 |    567 |   2 |  388.0 |
       Dungeon |    776 |    746 |     30 |      0 |    567 |   2 |  388.0 |
               +--------+--------+--------+--------+--------+-----+--------+

Top non-repeatable levels by time:
     D:1: 663 daAuts
     D:2: 113 daAuts
